 Dungeon Sprint DCSS version 0.27-a0-1228-gfd60fd639a (webtiles) character file.

Game seed: 15080479797955755350

7 night the Ruffian (level 1, -2/19 HPs)
             Began as a Troll Gladiator on June 7, 2021.
             Slain by a gnoll
             ... wielding a +0 whip
              (5 damage)
             ... in the Dungeon (Sprint IX: "|||||||||||||||||||||||||||||").
             The game lasted 00:00:12 (24 turns).

night the Ruffian (Troll Gladiator)                   Turns: 24, Time: 00:00:12

Health: -2/19      AC:  4    Str: 21    XL:     1   Next: 83%
Magic:  0/0        EV: 10    Int:  4    God:
Gold:   0          SH:  0    Dex: 11    Spells: 0/0 levels left

rFire    . . .     SeeInvis .     - Unarmed
rCold    . . .     Faith    .   (no shield)
rNeg     . . .     Spirit   .   a - +0 robe
rPois    .         Reflect  .   b - +0 hat
rElec    .         Harm     .   (no cloak)
rCorr    .         Rampage  .   (gloves unavailable)
Will     .....     NoTele   +   (boots unavailable)
Stlth    +.........             (no amulet)
HPRegen  1.06/turn              (no ring)
MPRegen  0.07/turn              (no ring)

@: no status effects
A: large, unfitting armour, claws 3, regeneration 1, shaggy fur 1, tough skin 1
a: no special abilities


You were in the Dungeon.
You visited 1 branch

Inventory:

Missiles
 c - 3 throwing nets (quivered)
Armour
 a - a +0 robe (worn)
 b - a +0 hat (worn)
Scrolls
 i - a scroll of blinking
Potions
 d - a potion of curing
 e - a potion of heal wounds
 f - a potion of haste
 g - 2 potions of magic
 h - a potion of berserk rage


   Skills:
 - Level 1.5 Fighting
 - Level 1.7 Throwing
 - Level 2.4 Dodging
 + Level 4.8 Unarmed Combat


You couldn't memorise any spells.
You didn't know any spells.
Your spell library was empty.

Dungeon Overview and Level Annotations

Branches:
Dungeon (1/1)

Altars:


Innate Abilities, Weirdness & Mutations

You are too large for most types of armour.
You have claws for hands.
Your natural rate of healing is unusually fast.
You are covered in fur. (AC +1)
You have tough skin. (AC +1)


Message History

Your Unarmed Combat skill increases to level 4!
The goblin barely misses you.
You see here a jackal corpse.
You claw the goblin!
You kill the goblin!
You barely miss the goblin. You barely miss the goblin.
The goblin hits you with a +0 dagger.
You scratch the goblin.
You kill the goblin!
You barely miss the rat. The rat bites you but does no damage.
You closely miss the rat. You claw the rat, but do no damage.
The rat bites you.
You claw the rat!
You kill the rat!
Things that are here:
a +0 dagger; a +0 club As you open the door, it creaks loudly!
A sky beast, a gnoll, 2 orcs and a skeleton come into view.
The orc priest shouts!
The orc shouts!
The orc priest looks satisfied for a moment.
You claw the ball python skeleton!
You destroy the ball python skeleton!
The orc priest looks satisfied for a moment.
The sky beast flickers out of sight!
Deactivating autopickup; reactivate with Ctrl-A.
You barely miss the gnoll. You claw the gnoll!
The gnoll is almost dead.
The gnoll hits you but does no damage.
You closely miss the gnoll.
The gnoll is almost dead.
The gnoll hits you with a +0 whip.
You barely miss the gnoll. You claw the gnoll, but do no damage.
The gnoll is almost dead.
The orc priest calls down the wrath of Beogh upon you.
Beogh smites you!
Ouch! That really hurt!
* * * LOW HITPOINT WARNING * * *
The gnoll hits you with a +0 whip.
You die...

▓.▓
▓.▓
▓.▓
▓'▓
▓†▓
▓)▓
▓.▓
▓.▓
▓@▓
▓g▓
▓{▓
▓o▓
▓o▓
▓.▓
▓.▓
▓+▓


You could see an orc priest, a gnoll and an orc.

Vanquished Creatures
  A ball python (D)
  2 goblins (D)
  A jackal (D)
  A ball python skeleton (D)
  A rat (D)
6 creatures vanquished.

Notes
Turn   | Place    | Note
-------+----------+-------------------------------------------
     0 | D        | night the Troll Gladiator began the quest for the Orb.
     0 | D        | Reached XP level 1. HP: 19/19 MP: 0/0
     7 | D        | Reached skill level 4 in Unarmed Combat
    19 | D        | Noticed a sky beast
    19 | D        | Noticed an orc priest
    24 | D        | Slain by a gnoll

Illustrated notes

Levels and vault maps discovered:
D:        linesprint [early_d, line_temple, items_1, d_10, items_2, lair_1,
          lair_end, items_3, orc_1, orc_end, items_4, d_15, swamp_1, shoals_1,
          snake_1, spider_1, d_20, vaults_1, items_5, swamp_end, shoals_end,
          snake_end, spider_end, vaults_end, d_27, items_6, zot_1, zot_end,
          crypt_end, forest_end, elf_end, slime_end, tomb_end, abyss_end,
          pan_hell_end]

Skill      XL: |  1 |
---------------+----+-----
Unarmed Combat | 4 |  4.8
Fighting       | |  1.5
Throwing       | |  1.7
Dodging        | |  2.4

Action                   || total
-------------------------++-------
Melee: Unarmed           ||    14
       Punch             ||     2
Armor: Robe              ||     2
Dodge: Dodged            ||     2

Table legend: (Time is in decaauts)
 A = Elapsed time spent in this place.
 B = Non-inter-level travel time spent in this place.
 C = Inter-level travel time spent in this place.
 D = Time resting spent in this place.
 E = Time spent auto-exploring this place.
 F = Levels seen in this place.
 G = Mean time per level.
                   A        B        C        D        E       F      G
               +--------+--------+--------+--------+--------+-----+--------+
         Total |     22 |     22 |      0 |      0 |      0 |   1 |   22.0 |
       Dungeon |     22 |     22 |      0 |      0 |      0 |   1 |   22.0 |
               +--------+--------+--------+--------+--------+-----+--------+

Top non-repeatable levels by time:
       D: 22 daAuts
